 Dungeon Crawl Stone Soup version 0.29-a0-23-ga79f92ac9c (webtiles) character file.

Game seed: 15702010972124767885

7849 bande the Cleaver (level 11, -22/68 HPs)
             Began as a Gargoyle Fighter on Jan 30, 2022.
             Killed from afar by a fire dragon (41 damage)
             ... with a blast of flame
             ... on level 8 of the Dungeon.
             The game lasted 00:25:51 (15281 turns).

bande the Cleaver (Gargoyle Fighter)               Turns: 15281, Time: 00:25:51

Health: -22/68     AC: 30    Str: 20    XL:     11   Next: 21%
Magic:  11/11      EV: 10    Int:  9    God:
Gold:   556        SH:  5    Dex: 13    Spells: 10/10 levels left

rFire   . . .      SeeInvis .   a - +1 war axe
rCold   . . .      Faith    .   c - +0 buckler
rNeg    + . .      Spirit   .   F - +0 plate armour
rPois   ∞          Reflect  .   f - +1 helmet
rElec   +          Harm     .   r - +0 cloak
rCorr   .          Rampage  .   v - +0 pair of gloves
Will    .....                   A - +2 pair of boots {Fly}
Stlth   ..........              (no amulet)
HPRegen 0.21/turn               u - +4 ring of evasion
MPRegen 0.12/turn               (no ring)

@: flying, invisible (expiring)
A: sickness immunity, AC +8, negative energy resistance 1, electricity
resistance, torment resistance 1, petrification resistance
a: no special abilities


You were on level 8 of the Dungeon.
You visited 2 branches of the dungeon, and saw 10 of its levels.

You collected 556 gold pieces.

Inventory:

Hand Weapons
 a - a +1 war axe (weapon)
 g - a +0 war axe
 s - a +2 flail of protection
Armour
 c - a +0 buckler (worn)
 f - a +1 helmet (worn)
 r - a +0 cloak (worn)
 v - a +0 pair of gloves (worn)
 A - a +2 pair of boots of flying (worn)
 C - the +2 scale mail of the First Lives {rC+}
   (You found it on level 7 of the Dungeon)

   rC:        It protects you from cold.
 F - a +0 plate armour (worn)
Jewellery
 i - an amulet of magic regeneration
 p - a ring of wizardry
 u - a +4 ring of evasion (left hand)
Wands
 b - a wand of paralysis (8)
 e - a wand of polymorph (7)
 n - a wand of acid (10)
 t - a wand of charming (20)
 y - a wand of flame (50)
Scrolls
 h - 2 scrolls of fog
 w - a scroll of enchant armour
 x - a scroll of enchant weapon
 B - a scroll of magic mapping
 G - 2 scrolls of fear
Potions
 j - a potion of haste
 k - 3 potions of brilliance
 l - a potion of magic
 o - a potion of curing
 q - 3 potions of flight


   Skills:
 + Level 7.9 Fighting
 + Level 10.2 Axes
 + Level 8.2 Armour
 - Level 0.2 Stealth
 + Level 6.7 Shields
 * Level 6.6 Evocations


You had 10 spell levels left.
You didn't know any spells.
Your spell library contained the following spells:

 Spells                   Type           Power      Damage    Failure   Level
 Animate Skeleton         Necr           0%         N/A       100%        1
 Foxfire                  Conj/Fire      0%         2x1d4     100%        1
 Pain                     Necr           0%         1d4       100%        1
 Sandblast                Erth           0%         2d4       100%        1
 Passwall                 Tmut/Erth      0%         N/A       100%        2
 Conjure Flame            Conj/Fire      0%         6-21      100%        3
 Gell's Gravitas          Tloc           0%         N/A       100%        3
 Ignite Poison            Fire/Tmut/Pois 0%         N/A       100%        3
 Inner Flame              Hex/Fire       0%         N/A       100%        3
 Stone Arrow              Conj/Erth      0%         3d7       100%        3
 Teleport Other           Tloc           0%         N/A       100%        3
 Vampiric Draining        Necr           0%         2d6       100%        3
 Flame Wave               Conj/Fire      0%         2d4       100%        4
 Sticky Flame             Conj/Fire      0%         2d3       100%        4
 Dispersal                Tloc           0%         N/A       100%        6


Dungeon Overview and Level Annotations

Branches:
Dungeon (9/15)             Temple (1/1) D:6            Lair (0/6) D:9
    Orc: D:9-12

Altars:
Ashenzari
Cheibriados
Dithmenos
Elyvilon
Fedhas
Gozag
Hepliaklqana
Kikubaaqudgha
Makhleb
Nemelex Xobeh
Okawaru
Qazlal
Ru
Sif Muna
Trog
Uskayaw
Vehumet
Wu Jian
Xom
Yredelemnul
Zin
The Shining One

Shops:
D:6 *


Innate Abilities, Weirdness & Mutations

You are immune to sickness and miasma.
Your stone body is resilient. (AC +8)
You are immune to poison.
You resist negative energy. (rN+)
You are resistant to electric shocks. (rElec)
You are resistant to unholy torment.
You are immune to petrification.


Message History

Unknown command.
It was a potion of cancellation.
Your magical effects are unravelling.
You feel magically purged.
You feel a little less mighty now.
Your resistance to elements expires.
The fire dragon bites you!
* * * LOW HITPOINT WARNING * * *
The fire dragon barely misses you.
The fire dragon tramples you but does no damage.
You feel better. You block the fire dragon's attack. x2
The fire dragon tramples you but does no damage.
You feel better.
The fire dragon bites you but does no damage.
The fire dragon claws you but does no damage.
You block the fire dragon's attack.
You feel better. The fire dragon breathes flames at you.
The blast of flame hits you but does no damage.
It was a potion of invisibility.
You fade into invisibility!
The fire dragon closely misses you. x2
The fire dragon tramples you but does no damage.
There is a stone staircase leading up here.
The fire dragon bites you but does no damage.
You block the fire dragon's attack.
The fire dragon tramples you but does no damage.
You fly upwards.
There is a stone staircase leading down here.
Things that are here:
a +0 mace; an orc corpse The fire dragon breathes flames at something.
The fire dragon breathes flames at something.
You flicker for a moment.
The fire dragon breathes flames at you. The blast of flame hits you!
* * * LOW HITPOINT WARNING * * *
The fire dragon breathes flames at you. The blast of flame hits you!!!
Ouch! That really hurt!
You die...

##...#..## #..#####.#..........
....##...#####..#.....#.#.###....
##.#...#........#....#..#.##.....
#.#.#########..#......##.#..####
##.#.## ##..#....####.#.##
......## #........####...#
.......######...............#
........##............#####.#
........##......@....## ##..#
........##.D.........####..##
.................####.....##
......................#####
.......##......########
.......##......# ........########
........# ........#


You could see a fire dragon (catching breath).

Vanquished Creatures
  A two-headed ogre (D:9)
  Pikel (D:6)
  The ghost of greynaab the Carver, a novice DEBe of Trog (D:8)
  Psyche (D:7)
  A troll (D:9)
  A slime creature (D:7)
  Sigmund (D:7)
  A wyvern (D:9)
  A steam dragon (D:8)
  Menkaure (D:5)
  Edmund (D:7)
  3 water moccasins
  Duvessa (D:7)
  3 ice beasts
  6 orc warriors
  2 black bears
  4 sky beasts
  3 ogres
  3 centaurs
  2 phantoms (D:5)
  A lemure (D:6)
  2 kobold brigands
  4 bullfrogs
  A water moccasin zombie (D:6)
  3 scorpions
  Dowan (D:7)
  9 killer bees
  6 wights
  2 howler monkeys
  A bullfrog zombie (D:5)
  A centaur zombie (D:8)
  2 hounds
  4 jellies
  8 orc priests
  Crazy Yiuf (D:3)
  A bullfrog skeleton (D:3)
  4 gnoll shamans
  An iguana (D:5)
  10 orc wizards
  3 howler monkey zombies
  Robin (D:2)
  9 gnolls
  4 adders
  A white imp (D:8)
  3 ufetubi
  A worm (D:2)
  3 dart slugs
  22 orcs
  7 ball pythons
  22 endoplasms
  A giant cockroach (D:1)
  10 goblins
  9 hobgoblins
  8 quokkas
  7 bats
  3 frilled lizards
  13 kobolds
  7 rats
234 creatures vanquished.

Vanquished Creatures (others)
  An orc wizard (D:7)
  14 fungi
  11 plants (D:9)
26 creatures vanquished.

Grand Total: 260 creatures vanquished

Notes
Turn   | Place    | Note
-------+----------+-------------------------------------------
     0 | D:1      | bande the Gargoyle Fighter began the quest for the Orb.
     0 | D:1      | Reached XP level 1. HP: 14/14 MP: 1/1
   192 | D:1      | Reached XP level 2. HP: 17/19 MP: 2/2
   322 | D:1      | Found a faded altar of an unknown god.
   454 | D:1      | Reached XP level 3. HP: 23/23 MP: 3/3
   727 | D:2      | Reached skill level 2 in Axes
  1042 | D:2      | Noticed Robin
  1050 | D:2      | Killed Robin
  1051 | D:2      | Reached XP level 4. HP: 29/29 MP: 4/4
  1636 | D:3      | Reached skill level 3 in Axes
  1636 | D:3      | Reached XP level 5. HP: 19/33 MP: 5/5
  3241 | D:3      | Found a runed translucent door.
  3242 | D:3      | Noticed Crazy Yiuf
  3250 | D:3      | Killed Crazy Yiuf
  3251 | D:3      | Reached skill level 1 in Evocations
  3380 | D:4      | Reached XP level 6. HP: 38/38 MP: 6/6
  3717 | D:4      | Reached skill level 4 in Axes
  3721 | D:4      | HP: 1/39 [orc priest/divine providence (16)]
  4472 | D:4      | Reached XP level 7. HP: 13/44 MP: 7/7
  5338 | D:5      | Entered Level 5 of the Dungeon
  5406 | D:5      | Reached skill level 5 in Armour
  5505 | D:5      | Reached skill level 5 in Fighting
  5505 | D:5      | Reached skill level 5 in Axes
  5551 | D:5      | Noticed Menkaure
  5598 | D:5      | Killed Menkaure
  5599 | D:5      | Reached XP level 8. HP: 42/49 MP: 8/8
  6070 | D:5      | Reached skill level 6 in Axes
  6906 | D:6      | You fall into a shaft and drop 1 floor!
  7201 | D:7      | Reached skill level 5 in Shields
  7201 | D:7      | Reached XP level 9. HP: 54/55 MP: 9/9
  7238 | D:7      | Noticed Dowan
  7245 | D:7      | Noticed Duvessa
  7252 | D:7      | Killed Dowan
  7267 | D:7      | Killed Duvessa
  7729 | D:7      | Reached skill level 7 in Axes
  7980 | D:6      | Noticed Pikel
  7999 | D:6      | Killed Pikel
  8600 | D:6      | Found Hegin's CLEARANCE SALE!.
  8630 | D:6      | Found a staircase to the Ecumenical Temple.
  8638 | Temple   | Entered the Ecumenical Temple
  9775 | D:7      | Reached skill level 8 in Axes
  9828 | D:7      | Identified the +2 scale mail of the First Lives {rC+}
 10049 | D:7      | Found an opulent altar of Gozag.
 10049 | D:7      | Found a sparkling altar of Nemelex Xobeh.
 10106 | D:7      | Reached skill level 5 in Evocations
 10106 | D:7      | Reached XP level 10. HP: 51/61 MP: 10/10
 10213 | D:7      | Noticed Sigmund
 10226 | D:7      | Killed Sigmund
 10270 | D:7      | Noticed Edmund
 10277 | D:7      | Killed Edmund
 10421 | D:7      | Identified the +7 hunting sling "Wynn" {vorpal, rElec}
 10491 | D:8      | Noticed Psyche
 10559 | D:7      | Killed Psyche
 10607 | D:8      | Found a runed translucent door.
 10607 | D:8      | Noticed greynaab's ghost (novice DEBe)
 11432 | D:7      | Reached skill level 9 in Axes
 13358 | D:8      | Killed greynaab's ghost
 13899 | D:9      | Reached XP level 11. HP: 68/68 MP: 11/11
 14063 | D:9      | Found a shadowy altar of Dithmenos.
 14157 | D:9      | Found a staircase to the Lair.
 14183 | D:9      | Reached skill level 10 in Axes
 14371 | D:9      | Noticed a two-headed ogre
 14392 | D:9      | Killed a two-headed ogre
 14812 | D:9      | Noticed a centaur warrior
 14812 | D:9      | Noticed a fire dragon
 14812 | D:9      | Noticed a centaur warrior
 14829 | D:9      | Found a glowing silver altar of Zin.
 14829 | D:9      | Found an ornate altar of the Wu Jian Council.
 14829 | D:9      | Found an iron altar of Okawaru.
 14829 | D:9      | Found a shimmering blue altar of Sif Muna.
 14829 | D:9      | Found a blossoming altar of Fedhas.
 14831 | D:9      | Found a bloodstained altar of Trog.
 15257 | D:9      | HP: 1/68 [fire dragon (11)]
 15281 | D:8      | Killed from afar by a fire dragon

Illustrated notes

Levels and vault maps discovered:
D:1:      psy_arrival_dodecagon, layout_basic, basic_ecumenical_altar,
          kennysheep_boxes
D:2:      layout_loops_ring, uniq_robin
D:3:      layout_rooms, uniq_crazy_yiuf_cottage
D:4:      layout_basic
D:5:      layout_cave_pools, kennysheep_cluttered_room,
          chequers_serial_rivers_small_b, chequers_serial_rivers_room_b,
          serial_park_tiny_pond, uniq_menkaure
D:6:      layout_layer_cave, temple_statues, nicolae_shop_clearance, uniq_pikel
D:7:      lemuel_slime, layout_basic, grunt_temple_overflow_opulence,
          hangedman_decor_push, minmay_hedge_maze, hex_intersection,
          sigmund_edmund_badplayer, uniq_duvessa
D:8:      minmay_four_partial_circles, layout_rooms,
          hellmonk_ghost_happy_afterlife, uniq_psyche
D:9:      minmay_shrinking_squares, layout_loops_corners,
          grunt_dithmenos_smoke_and_mirrors, grunt_temple_overflow_open,
          grunt_lair_entry_orc_guard_hut, chequers_avenue,
          nicolae_zen_rock_garden
Temple:   nicolae_temple_figure_eight

Skill      XL: |  1  2  3  4  5  6  7  8  9 10 11 |
---------------+----------------------------------+-----
Axes           | 2 3 4 5 6 8 9 10 | 10.2
Armour         | 4 5 6 7 8 |  8.2
Fighting       | 4 5 6 7 |  7.9
Evocations     | 1 2 3 5 6 |  6.6
Shields        | 4 5 6 |  6.7
Stealth        | |  0.2

Action                   |  1- 3 |  4- 6 |  7- 9 | 10-12 || total
-------------------------+-------+-------+-------+-------++-------
Melee: War axe           |    83 |   199 |   371 |   386 ||  1039
  Use: Scroll            |     5 |     3 |     9 |     4 ||    21
       Potion            |       |       |       |     8 ||     8
Armor: Scale mail        |     5 |       |     6 |   171 ||   182
       Chain mail        |    59 |   117 |   272 |       ||   448
       Plate armour      |       |       |       |   120 ||   120
Dodge: Dodged            |    46 |    56 |   145 |   312 ||   559
Block: Buckler           |    17 |    47 |   102 |   154 ||   320

Table legend: (Time is in decaauts)
 A = Elapsed time spent in this place.
 B = Non-inter-level travel time spent in this place.
 C = Inter-level travel time spent in this place.
 D = Time resting spent in this place.
 E = Time spent auto-exploring this place.
 F = Levels seen in this place.
 G = Mean time per level.
                   A        B        C        D        E       F      G
               +--------+--------+--------+--------+--------+-----+--------+
         Total |  15563 |  15405 |    158 |   5887 |   6395 |  10 | 1556.3 |
       Dungeon |  15334 |  15176 |    158 |   5887 |   6195 |   9 | 1703.8 |
        Temple |    229 |    229 |      0 |      0 |    200 |   1 |  229.0 |
               +--------+--------+--------+--------+--------+-----+--------+

Top non-repeatable levels by time:
     D:7: 3508 daAuts
     D:4: 2873 daAuts
     D:8: 1950 daAuts
     D:5: 1526 daAuts
     D:6: 1463 daAuts
     D:9: 1390 daAuts
     D:3: 1031 daAuts
     D:2: 837 daAuts
     D:1: 751 daAuts
  Temple: 229 daAuts
